 Dungeon Crawl Stone Soup version 0.30-a0-802-gb92711bcdf (webtiles) character file.

Game seed: 17492835036177869007

112 cheesebisquit the Ruffian (level 4, 33/33 HPs)
             Began as a Ghoul Ice Elementalist on Feb 23, 2023.
             Quit the game on level 3 of the Dungeon.
             The game lasted 00:05:29 (1829 turns).

cheesebisquit the Ruffian (Ghoul Ice Elementalist)  Turns: 1829, Time: 00:05:30

Health: 33/33      AC:  3    Str: 11    XL:     4   Next: 95%
Magic:  5/5        EV: 12    Int: 12    God:
Gold:   85         SH:  5    Dex:  9    Spells: 5/6 levels left

rFire   . . .      SeeInvis .      - Unarmed
rCold   + . .      Faith    .    (no shield)
rNeg    + + +      Spirit   .    a - +0 robe
rPois   ∞          Reflect  +    (no helmet)
rElec   .          Harm     .    (no cloak)
rCorr   .          Rampage  .    m - +0 pair of gloves
Will    .....                    (no boots)
Stlth   ++                       g - amulet of reflection
HPRegen 0.00/turn                (no ring)
MPRegen 0.09/turn                (no ring)

@: inhibited regen
A: claws 1, cold resistance 1, negative energy resistance 3, inhibited
regeneration, torment resistance 2, devour on kill
a: no special abilities


You were on level 3 of the Dungeon.
You visited 1 branch of the dungeon, and saw 3 of its levels.

You collected 85 gold pieces.

Inventory:

Missiles
 r - 3 boomerangs
Armour
 a - a +0 robe (worn)
 m - a +0 pair of gloves (worn)
Jewellery
 g - an amulet of reflection (around neck)
Scrolls
 h - 2 scrolls of identify {unknown}
 i - 2 scrolls of blinking {unknown}
 j - a scroll of fog {unknown}
 k - a scroll of poison {unknown}
 l - a scroll of enchant weapon {unknown}
 n - a scroll of fear {unknown}
 o - a scroll of immolation {unknown}
Potions
 b - a potion of magic
 c - a potion of lignification {unknown}
 d - a potion of heal wounds {unknown}
 e - a potion of experience {unknown}
 f - a potion of berserk rage {unknown}
 p - a potion of curing {unknown}
 q - a potion of degeneration {unknown}
 s - a potion of resistance {unknown}


   Skills:
 - Level 1.7 Dodging
 - Level 2.1 Stealth
 + Level 4.8 Unarmed Combat
 - Level 1.7 Spellcasting
 - Level 4.3 Ice Magic


You had 5 spell levels left.
You knew the following spells:

 Your Spells              Type           Power      Damage    Failure   Level
a - Freeze                Ice            44%        1d6       4%          1

Your spell library contained the following spells:

 Spells                   Type           Power      Damage    Failure   Level
 Frozen Ramparts          Ice            22%        1d4       14%         3
 Ozocubu's Armour         Ice            11%        N/A       14%         3
 Tukima's Dance           Hex            1%         N/A       63%         3
 Summon Ice Beast         Ice/Summ       6%         N/A       75%         4
 Passage of Golubria      Tloc           1%         N/A       95%         4
 Yara's Violent Unravell  Hex/Tmut       0%         3d3       100%        5


Dungeon Overview and Level Annotations

Branches:
Dungeon (3/15)

Altars:


Innate Abilities, Weirdness & Mutations

You are immune to poison.
You have sharp fingernails.
Your flesh is cold resistant. (rC+)
You are immune to negative energy. (rN+++)
You do not regenerate when monsters are visible.
You are immune to unholy pain and torment.
You thrive by killing the living.


Message History

The orc shouts!
You hear a shout!
The orc throws a boomerang.
The boomerang hits you.
An orc comes into view. It is wielding a +0 hand axe.
A kobold comes into view. It is wielding a +0 short sword.
You freeze the orc!
You kill the orc!
You feel better.
You freeze the orc.
The orc is lightly wounded.
You freeze the orc.
The orc is severely wounded.
The orc closely misses you.
You freeze the orc.
You kill the orc!
The orc hits you with a +0 hand axe.
The kobold throws a stone.
You reflect the stone off an invisible shield around you!
The stone barely misses the kobold.
You closely miss the orc. You punch the orc!
You kill the orc!
You feel better.
You freeze the kobold.
You kill the kobold!
Magic restored.
You now have 85 gold pieces (gained 3).
Items here: ( )) ††.
Okay, then.
Found a stone staircase leading up.
Items here: (( )) †.
Okay, then.
r - 3 boomerangs
Found a stone staircase leading down.
s - a murky ruby potion
Found a leather armour.
You see here a +0 leather armour.
Found a stone staircase leading down.
A kobold comes into view. It is wielding a +0 short sword.
The kobold shouts!
A kobold is nearby!
Are you sure you want to abandon this character and quit the game? (Confirm with "yes".)

### #.# #.# #.#
#.#####.###
.K........#######
................#
..####@#.#####.#
#.#.# #.# #.#.#
###.# #.#.# #...#
..... #.###
#.#.#.#.##
#.#.#.#..########
..#..............
#.#.#..####.###


You could see a kobold.

Vanquished Creatures
  Natasha (D:2)
  4 adders (D:2)
  A worm (D:2)
  A dart slug (D:1)
  3 orcs (D:3)
  3 ball pythons
  2 bats
  5 endoplasms
  3 giant cockroaches (D:2)
  3 goblins
  3 hobgoblins (D:2)
  A quokka (D:1)
  4 frilled lizards (D:1)
  6 kobolds
  5 rats
45 creatures vanquished.

Notes
Turn   | Place    | Note
-------+----------+-------------------------------------------
     0 | D:1      | cheesebisquit the Ghoul Ice Elementalist began the quest
                  | for the Orb.
     0 | D:1      | Reached XP level 1. HP: 14/14 MP: 2/2
    18 | D:1      | Reached skill level 1 in Unarmed Combat
    97 | D:1      | Reached XP level 2. HP: 16/20 MP: 0/3
   735 | D:2      | Identified the +4 war axe of Punishment {heavy, *Noise
                  | Dex+3 Stlth+}
   889 | D:2      | Noticed Natasha
   898 | D:2      | Killed Natasha
   899 | D:2      | Reached XP level 3. HP: 22/26 MP: 1/4
   950 | D:2      | Reached XP level 4. HP: 28/33 MP: 2/5
  1829 | D:3      | Quit the game

Illustrated notes

Levels and vault maps discovered:
D:1:      evilmike_arrival_plus, layout_rooms, minmay_misc_feat_four_crosses
D:2:      layout_loops_ring, minmay_mini_jars, uniq_natasha
D:3:      layout_basic, general_overflow_altar, gammafunk_ghost_smash

Skill      XL: |  1  2  3  4 |
---------------+-------------+-----
Unarmed Combat | 1 3 4 |  4.8
Dodging        | |  1.7
Stealth        | |  2.1
Spellcasting   | |  1.7
Ice Magic      | |  4.3

Action                     |  1- 3 |  4- 6 || total
---------------------------+-------+-------++-------
  Melee: Unarmed           |    27 |    27 ||    54
         Punch             |       |     1 ||     1
   Cast: Freeze            |    25 |    32 ||    57
   Stab: Sleeping          |     1 |     1 ||     2
 Armour: Robe              |     4 |     8 ||    12
  Dodge: Dodged            |    16 |    27 ||    43
  Block: Other             |     5 |    13 ||    18
         Reflection        |       |     1 ||     1

Table legend: (Time is in decaauts)
 A = Elapsed time spent in this place.
 B = Non-inter-level travel time spent in this place.
 C = Inter-level travel time spent in this place.
 D = Time resting spent in this place.
 E = Time spent auto-exploring this place.
 F = Levels seen in this place.
 G = Mean time per level.
                   A        B        C        D        E       F      G
               +--------+--------+--------+--------+--------+-----+--------+
         Total |   1825 |   1792 |     33 |      0 |   1505 |   3 |  608.3 |
       Dungeon |   1825 |   1792 |     33 |      0 |   1505 |   3 |  608.3 |
               +--------+--------+--------+--------+--------+-----+--------+

Top non-repeatable levels by time:
     D:2: 994 daAuts
     D:1: 662 daAuts
     D:3: 168 daAuts
